 Dungeon Crawl Stone Soup version 0.31.0-11-ge490571c62 (webtiles) character file.

Game seed: 9653955244926370957

230 Midpoint the Cudgeller (level 6, -21/47 HPs)
             Began as a Human Fighter on Feb 8, 2024.
             Demolished by an ogre
             ... wielding a +0 giant spiked club
              (24 damage)
             ... on level 5 of the Dungeon.
             The game lasted 00:19:08 (3577 turns).

Midpoint the Cudgeller (Human Fighter)              Turns: 3577, Time: 00:19:09

Health: -21/47     AC: 14    Str: 23 (25) XL:     6   Next: 3%
Magic:  6/6        EV:  6    Int:  5 (8)  God:
Gold:   198        SH:  4    Dex:  9 (12) Spells: 5/5 levels left

rFire   . . .        b - +0 sling
rCold   . . .        c - +0 buckler
rNeg    . . .        B - +0 plate armour
rPois   .            A - +2 helmet
rElec   .            (no cloak)
rCorr   .            (no gloves)
SInv    .            (no boots)
Will    .....        (no amulet) Stlth
                     E - +6 ring of strength
HPRegen 0.27/turn    (no ring)
MPRegen 0.10/turn

%: no passive effects
@: no status effects
A: explore regen
a: no special abilities


You were on level 5 of the Dungeon.
You visited 1 branch of the dungeon, and saw 5 of its levels.

You collected 198 gold pieces.

Inventory:

Hand Weapons
 a - a +2 demon trident of draining
 b - a +0 sling (weapon)
 g - a +0 dagger
 h - a +0 short sword
 n - a +0 spear
 w - a +0 dagger of draining
 z - a +0 flail
 D - a +0 trident
 J - a +0 hand axe of venom
Missiles
 i - 38 stones
 r - 3 silver javelins
 y - 15 boomerangs
 I - 3 poisoned darts
Armour
 c - a +0 buckler (worn)
 j - a +0 scale mail
 A - a +2 helmet (worn)
 B - a +0 plate armour (worn)
 C - a +2 robe of fire resistance
Jewellery
 E - a +6 ring of strength (left hand)
Wands
 u - a wand of mindburst (14)
 v - a wand of iceblast (12)
Scrolls
 f - 2 scrolls of noise
 k - 2 scrolls of immolation {unknown}
 m - a scroll of fog {unknown}
 o - 2 scrolls of teleportation {unknown}
 p - 2 scrolls of identify
 q - a scroll of fear {unknown}
 s - a scroll of summoning {unknown}
 F - a scroll of revelation {unknown}
 L - a scroll of poison {unknown}
 M - a scroll of amnesia {unknown}
 N - a scroll of silence {unknown}
Potions
 d - a potion of might
 e - 3 potions of enlightenment
 H - a potion of invisibility {unknown}
 K - a potion of lignification {unknown}


   Skills:
 - Level 3.0 Fighting
 - Level 5.5 Maces & Flails
 * Level 2.1 Polearms
 - Level 3.0 Armour
 - Level 3.0 Shields


You had 5 spell levels left.
You didn't know any spells.
Your spell library contained the following spells:

 Spells                   Type           Power      Damage    Failure   Level
 Gell's Gravitas          Tloc           0%         N/A       100%        3
 Teleport Other           Tloc           0%         N/A       100%        3
 Dispersal                Tloc           0%         N/A       100%        6


Dungeon Overview and Level Annotations

Branches:
Dungeon (5/15)
 Temple: D:4-7

Altars:
Qazlal
Ru

Shops:
D:2 [   D:3 (

Annotations:
D:4 2 transporters, EonDragon20's ghost, amateur MfSh


Innate Abilities, Weirdness & Mutations

You regain HP and MP as you explore.


Message History

b - a +0 sling (weapon)
You see here a hound corpse.
HP restored.
An ogre and a bullfrog come into view.
Found 8 gold pieces.
Okay, then.
The bullfrog snags a nearby mosquito with its tongue.
The ogre attacks as it pursues you!
The ogre hits you with a +0 giant spiked club!!
Ouch! That really hurt!
Okay, then.
Okay, then.
Okay, then.
As you read the scroll labelled DEIMPU COWKAT, it crumbles to dust.
You hear a loud clanging noise!
It was a scroll of noise.
As you read the scroll labelled WEMAERCH GIKH, it crumbles to dust.
It is a scroll of identify.
e - 3 potions of enlightenment The ogre hits you with a +0 giant spiked club!
* * * LOW HITPOINT WARNING * * *
Okay, then.
Okay, then.
It was a potion of resistance.
You feel protected.
The ogre hits you with a +0 giant spiked club.
* * * LOW HITPOINT WARNING * * *
It was a potion of brilliance.
You feel clever all of a sudden.
It was a potion of cancellation.
Your magical effects are unravelling.
You feel magically purged.
You feel a little less clever now.
Your resistance to elements expires.
The ogre hits you but does no damage.
It was a potion of degeneration.
There was something very wrong with that liquid.
You feel weakened.
You feel dopey.
You feel clumsy.
The ogre hits you with a +0 giant spiked club!!
Ouch! That really hurt!
You die...

#......###. #.##†......
########.##.#.###.
#........##.......
#.#########...##.# ### #.#
###....... #...####.#
#......#.#
#.#.#....#######.##.....#
#.#.....@OF......###..###
##.###.#########..........
#####.#.##.# ##.###.....
#....###...# #.# ####.#
#>###.#.##.# #.# .. #.#
##.###.# #.# .. #.# #.#
#.# #.# . ####.####.# #..
... . ..........# #.# #.#


You could see an ogre and a bullfrog.

Vanquished Creatures
  A hound (D:5)
  Natasha (D:4)
  3 orc wizards
  3 ribbon worms
  3 dart slugs
  8 orcs
  7 endoplasms
  2 giant cockroaches (D:2)
  5 goblins
  7 hobgoblins
  3 jackals (D:2)
  3 quokkas
  9 ball pythons
  6 bats
  5 frilled lizards
  6 kobolds
  6 rats
78 creatures vanquished.

Notes
Turn   | Place    | Note
-------+----------+-------------------------------------------
     0 | D:1      | Midpoint the Human Fighter began the quest for the Orb.
     0 | D:1      | Reached XP level 1. HP: 18/18 MP: 1/1
   180 | D:1      | Reached XP level 2. HP: 24/24 MP: 2/2
   301 | D:1      | Reached skill level 3 in Maces & Flails
   669 | D:1      | Reached XP level 3. HP: 29/29 MP: 3/3
  1075 | D:2      | Found Wodaum's Armour Shop.
  1261 | D:2      | Reached skill level 4 in Maces & Flails
  1455 | D:2      | Reached XP level 4. HP: 35/35 MP: 4/4
  1704 | D:3      | Found Xohano's Weapon Shoppe.
  1769 | D:3      | Found a sacrificial altar of Ru.
  2044 | D:3      | Reached skill level 5 in Maces & Flails
  2044 | D:3      | Reached XP level 5. HP: 26/41 MP: 5/5
  2190 | D:3      | Found a stormy altar of Qazlal.
  3070 | D:4      | Noticed Natasha
  3072 | D:4      | Killed Natasha
  3073 | D:4      | Reached skill level 1 in Polearms
  3403 | D:4      | Found a transporter.
  3404 | D:4      | Found a transporter.
  3404 | D:4      | Noticed a phantom
  3404 | D:4      | Noticed EonDragon20's ghost (amateur MfSh)
  3458 | D:5      | Entered Level 5 of the Dungeon
  3544 | D:5      | Reached XP level 6. HP: 43/47 MP: 6/6
  3574 | D:5      | HP: 2/47 [ogre/+0 giant spiked club (6)]
  3577 | D:5      | Demolished by an ogre

Illustrated notes

Levels and vault maps discovered:
D:1:      lemuel_arrival_broad_hall, layout_basic, minmay_pentomino_s2
D:2:      layout_rooms, serial_shops, shop
D:3:      layout_basic, lemuel_coloured_pillars_altar, hangedman_ru_absence,
          serial_shops, nicolae_shop_bloodbath_and_beyond,
          hangedman_abyss_or_decor_lesser_grid
D:4:      layout_layer_cave, gammafunk_ghost_mausoleum, uniq_natasha
D:5:      layout_loops_ring, nicolae_vehumet_altar_sigil, nicolae_eternal_life

Skill      XL: |  1  2  3  4  5 |
---------------+----------------+-----
Maces & Flails | 3 4 5 |  5.5
Polearms       | 2 |  2.1
Fighting       | |  3.0
Armour         | |  3.0
Shields        | |  3.0

Action                     |  1- 3 |  4- 6 || total
---------------------------+-------+-------++-------
  Melee: Flail             |   131 |    20 ||   151
         Hand axe          |       |    41 ||    41
         Demon trident     |       |    15 ||    15
   Fire: Sling             |    27 |    60 ||    87
  Throw: Stone             |     1 |     2 ||     3
  Evoke: Wand              |       |     2 ||     2
    Use: Potion            |       |     4 ||     4
         Scroll            |       |     2 ||     2
 Armour: Scale mail        |    91 |    27 ||   118
         Plate armour      |       |    59 ||    59
  Dodge: Dodged            |    65 |    27 ||    92
  Block: Buckler           |    38 |    17 ||    55
